 Dungeon Crawl Stone Soup version 0.14-a0-1721-g84c87b2 (webtiles) character file.

317 Nicoed the Skirmisher (level 5, -6/41 HPs)
             Began as a Demonspawn Fighter on Jan 3, 2014.
             Mangled by an ice beast (13 damage)
             ... on Level 4 of the Dungeon.
             The game lasted 00:07:45 (2253 turns).

Nicoed the Skirmisher (Demonspawn Fighter)          Turns: 2253, Time: 00:07:46

HP  -6/41        AC  8     Str 17      XL: 5   Next: 19%
MP   5/5         EV  7     Int 10      God:
Gold 155         SH 17     Dex 12      Spells:  0 memorised,  4 levels left

rFire  . . .     SeeInvis .     a - +0 hand axe
rCold  . . .     Clarity  .     i - +0 ring mail (curse)
rNeg   . . .     Conserve .     c - +0 shield
rPois  .         rCorr    .     (helmet restricted)
rElec  .         rRot     .     (no cloak)
SustAb . .       Spirit   .     q - +0 pair of gloves
rMut   .         Warding  .     (no boots)
Saprov . . .     Stasis   .     (no amulet)
                                (no ring)
                                (no ring)

@: slightly resistant to hostile enchantments, extremely unstealthy
A: antennae 2, slimy green scales 1
a: no special abilities


You were on level 4 of the Dungeon.
You were not hungry.

You visited 1 branch of the dungeon, and saw 4 of its levels.

You collected 155 gold pieces.

Inventory:

Hand weapons
 a - a +0,+0 hand axe (weapon)
Armour
 c - a +0 shield (worn)
 i - a cursed +0 ring mail (worn)
 q - a +0 pair of gloves (worn)
Comestibles
 d - 3 bread rations
 n - a meat ration
 u - an apple
Scrolls
 f - 3 scrolls of teleportation {unknown}
 j - 3 scrolls of enchant armour {unknown}
 l - a scroll of fog {unknown}
 m - a scroll of magic mapping {unknown}
 p - a scroll of enchant weapon II {unknown}
 r - a scroll of identify {unknown}
 t - a scroll of remove curse {unknown}
Potions
 b - a potion of confusion {unknown}
 e - a potion of speed {unknown}
 g - 3 potions of brilliance {unknown}
 h - 3 potions of curing {unknown}
 k - 2 potions of heal wounds {unknown}
 o - 2 potions of might {unknown}
 s - a potion of agility {unknown}
 w - a potion of mutation {unknown}
Books
 v - a book of the Earth

   Spells                             Type                      Level
   Dig                                Earth                        4
   Leda's Liquefaction                Hexes/Earth                  4
   Bolt of Magma                      Conjuration/Fire/Earth       5
   Statue Form                        Transmutation/Earth          6
   Iron Shot                          Conjuration/Earth            6
   Shatter                            Earth                        9


   Skills:
 + Level 3.3 Fighting
 + Level 3.0 Axes
 + Level 2.9 Armour
 + Level 3.2 Dodging
 - Level 2.6 Shields


You had 4 spell levels left.
You didn't know any spells.

Dungeon Overview and Level Annotations

Branches:
Dungeon (4/16)
 Temple: D:4-7

Altars:
Nemelex Xobeh


Innate Abilities, Weirdness & Mutations

You have a pair of antennae on your head.
You are partially covered in slimy green scales (AC +2).


Message History

You block the ice beast's attack.
The ice beast hits you but does no damage.
You hit the ice beast.
The ice beast is lightly wounded.
The ice beast hits you but does no damage.
You hit the ice beast.
The ice beast is moderately wounded.
You block the ice beast's attack.
Unknown command.
You hit the ice beast.
The ice beast is moderately wounded.
The ice beast hits you but does no damage.
You hit the ice beast.
The ice beast is heavily wounded.
The ice beast hits you. The ice beast freezes you!
* * * LOW HITPOINT WARNING * * *
The ice beast hits you.
* * * LOW HITPOINT WARNING * * *
The ice beast freezes you!
You die...

#..# #..#
.#####..####..#
..............#
...............#
.#####..####..#
#..# #..# #..#
#..# #..####..#
#..@I....#
#........#
#..####..# ....#
.# .....#
####..# #..#
#... .


You could see an ice beast.

Vanquished Creatures
  A hound (D:3)
  A worker ant (D:4)
  4 adders
  A worm (D:3)
  4 giant geckos
  An ooze (D:3)
  3 orcs
  A ball python (D:2)
  7 bats
  4 giant cockroaches
  10 goblins
  7 hobgoblins
  3 jackals (D:2)
  8 giant newts
  6 kobolds (D:1)
  5 rats
66 creatures vanquished.

Notes
Turn   | Place    | Note
--------------------------------------------------------------
     0 | D:1      | Nicoed, the Demonspawn Fighter, began the quest for the Orb.
     0 | D:1      | Reached XP level 1. HP: 18/18 MP: 1/1
   163 | D:1      | Reached skill level 1 in Dodging
   193 | D:1      | Gained mutation: You have a pair of small antennae on your head. [demonic ancestry]
   193 | D:1      | Reached XP level 2. HP: 14/24 MP: 2/2
   678 | D:2      | Reached XP level 3. HP: 29/29 MP: 3/3
   692 | D:2      | Found a sparkling altar of Nemelex Xobeh.
  1148 | D:3      | Gained mutation: You are partially covered in slimy green scales (AC +2). [demonic ancestry]
  1148 | D:3      | Reached XP level 4. HP: 16/35 MP: 4/4
  2185 | D:4      | Gained mutation: You have a pair of antennae on your head. [demonic ancestry]
  2185 | D:4      | Reached XP level 5. HP: 35/41 MP: 5/5
  2244 | D:4      | Noticed an ice beast
  2253 | D:4      | Mangled by an ice beast

Action                   |  1- 3 |  4- 6 || total
-------------------------+-------+-------++-------
Melee: Hand axe          |   177 |   117 ||   294
